 Dungeon Crawl Stone Soup version 0.22-a0-252-gcace5d2 (webtiles) character file.

48 mhoghedin the Vandal (level 4, -5/30 HPs)
             Began as a Halfling Hunter on Mar 1, 2018.
             Slain by Crazy Yiuf
             ... wielding a +2 quarterstaff of chaos
              (13 damage)
             ... on level 2 of the Dungeon.
             The game lasted 00:02:37 (1509 turns).

mhoghedin the Vandal (Halfling Hunter)              Turns: 1509, Time: 00:02:38

Health: -5/30      AC:  6    Str: 14    XL:     4   Next: 0%
Magic:  3/4        EV: 12    Int:  9    God:
Gold:   43         SH:  0    Dex: 14    Spells: 3/3 levels left

rFire    . . .     SeeInvis .   a - +1 hunting sling
rCold    . . .     Gourm    .   (shield restricted)
rNeg     . . .     Faith    .   o - +0 scale mail
rPois    .         Spirit   .   (no helmet)
rElec    .         Reflect  .   k - scarf {repulsion}
rCorr    .         Harm     .   (no gloves)
MR       .....                  (no boots)
Stlth    ..........             (no amulet)
HPRegen  0.10/turn              j - ring of flight {+Fly, !d}
MPRegen  0.09/turn              (no ring)

@: lethally poisoned (-5 -> -11), repel missiles
A: small, mutation resistance 1
a: Evoke Flight


You were on level 2 of the Dungeon.
You were hungry.

You visited 1 branch of the dungeon, and saw 2 of its levels.

You collected 43 gold pieces.

Inventory:

Hand Weapons
 a - a +1 hunting sling (weapon)
 b - a +0 short sword
Missiles
 d - 9 sling bullets (quivered)
 e - 106 stones
Armour
 k - a scarf of repulsion (worn)
   (You found it on level 1 of the Dungeon)
 o - a +0 scale mail (worn)
   (You took it off a goblin on level 2 of the Dungeon)
 q - a +0 pair of gloves
   (You found it on level 2 of the Dungeon)
Jewellery
 j - a ring of flight (left hand) {+Fly, !d}
   (You found it on level 1 of the Dungeon)
Scrolls
 c - a scroll of magic mapping {unknown}
 g - a scroll of teleportation {unknown}
 h - a scroll of immolation {!r}
 l - 3 scrolls of identify
 p - a scroll of remove curse {unknown}
Potions
 i - a potion of curing {unknown}
 m - a potion of lignification {unknown}
 n - a potion of haste {unknown}
Comestibles
 f - 6 rations


   Skills:
 + Level 2.4 Fighting
 + Level 6.4 Slings
 + Level 0.9 Armour
 + Level 3.0 Dodging
 - Level 1.1 Stealth


You had 3 spell levels left.
You didn't know any spells.

Dungeon Overview and Level Annotations

Branches:
Dungeon (2/15)

Altars:
Yredelemnul

Annotations:
D:2 Crazy Yiuf


Innate Abilities, Weirdness & Mutations

You are small and have problems with some larger weapons.
You are somewhat resistant to further mutation.


Message History

You shoot a stone. The stone hits the gnoll zombie.
You destroy the gnoll zombie!
Your Dodging skill increases to level 3!
No target in view!
e - 71 stones (gained 2)
e - 73 stones (gained 2)
e - 75 stones (gained 2)
e - 76 stones (gained 1)
e - 102 stones (gained 26)
Found a basalt altar of Yredelemnul.
e - 103 stones (gained 1)
You are feeling very hungry.
A frilled lizard comes into view.
Firing (i - inventory. (/) - cycle)
e - 103 stones (quivered)
Aim: a frilled lizard You shoot a stone.
The stone hits the frilled lizard.
Firing (i - inventory. (/) - cycle)
e - 102 stones (quivered)
Aim: a frilled lizard (heavily wounded)
You shoot a stone. The stone hits the frilled lizard.
You kill the frilled lizard!
You have reached level 4!
Health restored: 30; MP restored: 4
e - 102 stones (gained 1)
You see here a frilled lizard corpse.
You butcher the frilled lizard corpse.
r - a chunk of flesh {@w0} You see here a frilled lizard skeleton.
e - 103 stones (gained 1) Eating a chunk of flesh {@w0}.
You eat the chunk of flesh {@w0}.
e - 104 stones (gained 1)
e - 105 stones (gained 1)
You now have 43 gold pieces (gained 7).
e - 106 stones (gained 1)
You see here a club.
You see here a whip.
You see here a short sword.
You are feeling hungry.
Partly explored, unopened runed door.
You open the door.
Crazy Yiuf the Enlightened comes into view.
He is wielding a quarterstaff of chaos.
Crazy Yiuf shouts!
You aren't carrying any items that you can evoke.
Okay, then.
Quiver which item? (- for none, * to show all) (? for menu, Esc to quit)
Quivering
d - 18 sling bullets for slings.
Firing (i - inventory. (/) - cycle)
d - 18 sling bullets (quivered)
Aim: Crazy Yiuf, wielding a quarterstaff of chaos and wearing an embroidered cloak You shoot a sling bullet.
The sling bullet hits Crazy Yiuf.
Crazy Yiuf yells, "Hah!
Nubble broken illywillydillykilly."
Firing (i - inventory. (/) - cycle)
d - 17 sling bullets (quivered)
Aim: Crazy Yiuf, wielding a quarterstaff of chaos and wearing an embroidered cloak (lightly wounded)
You shoot a sling bullet. The sling bullet hits Crazy Yiuf!
Firing (i - inventory. (/) - cycle)
d - 16 sling bullets (quivered)
Aim: Crazy Yiuf, wielding a quarterstaff of chaos and wearing an embroidered cloak (heavily wounded)
You shoot a sling bullet. The sling bullet hits Crazy Yiuf.
Crazy Yiuf hits you with a quarterstaff of chaos.
You feel your power leaking away.
You take 5 damage, and have 25/30 hp.
You now have 3/4 mp.
Firing (i - inventory. (/) - cycle)
d - 15 sling bullets (quivered)
Aim: Crazy Yiuf, wielding a quarterstaff of chaos and wearing an embroidered cloak (severely wounded)
You shoot a sling bullet.
The sling bullet barely misses Crazy Yiuf.
Crazy Yiuf hits you with a quarterstaff of chaos.
You are poisoned.
You take 1 damage, and have 24/30 hp.
Firing (i - inventory. (/) - cycle)
d - 14 sling bullets (quivered)
Aim: Crazy Yiuf, wielding a quarterstaff of chaos and wearing an embroidered cloak (severely wounded)
You shoot a sling bullet. The sling bullet hits Crazy Yiuf.
You feel sick.
You take 1 damage, and have 23/30 hp.
Firing (i - inventory. (/) - cycle)
d - 13 sling bullets (quivered)
Aim: Crazy Yiuf, wielding a quarterstaff of chaos and wearing an embroidered cloak (almost dead)
You shoot a sling bullet. The sling bullet hits Crazy Yiuf.
You feel sick. Crazy Yiuf barely misses you.
You take 1 damage, and have 22/30 hp.
Unknown command.
Firing (i - inventory. (/) - cycle)
d - 12 sling bullets (quivered)
Aim: Crazy Yiuf, wielding a quarterstaff of chaos and wearing an embroidered cloak (almost dead)
You shoot a sling bullet.
The sling bullet closely misses Crazy Yiuf.
Crazy Yiuf hits you with a quarterstaff of chaos.
Crazy Yiuf freezes you.
You take 7 damage, and have 15/30 hp.
MASSIVE DAMAGE!!
Firing (i - inventory. (/) - cycle)
d - 11 sling bullets (quivered)
Aim: Crazy Yiuf, wielding a quarterstaff of chaos and wearing an embroidered cloak (almost dead)
You shoot a sling bullet.
The sling bullet barely misses Crazy Yiuf.
You feel sick.
Crazy Yiuf hits you with a quarterstaff of chaos.
* * * LOW HITPOINT WARNING * * *
Crazy Yiuf draws strength from your wounds!
You take 6 damage, and have 9/30 hp.
Unknown command.
Firing (i - inventory. (/) - cycle)
d - 10 sling bullets (quivered)
Aim: Crazy Yiuf, wielding a quarterstaff of chaos and wearing an embroidered cloak (almost dead)
You shoot a sling bullet.
The sling bullet barely misses Crazy Yiuf.
You feel sick.
Crazy Yiuf hits you with a quarterstaff of chaos!
You die...

##....#
#.......#
#....#
#.#...#>#
♣P..P♣
#.##.##..
♣♣...♣
#.##.##..
♣♣.♣♣
#.##.....
♣♣.♣
#.##.####
♣.♣♣
#........
♣♣.♣
#######.####
♣@♣♣
#...).......
#g#
#######.####
.(. #.#
#.(.# #.#
#)(.# #.#
##### #.#
#.# ### ###
#.# #.# #.#
#.#


You could see Crazy Yiuf.

Vanquished Creatures
  An adder (D:2)
  5 bats
  2 giant cockroaches (D:1)
  5 hobgoblins
  2 frilled lizards
  2 gnoll zombies (D:2)
  5 goblins
  11 kobolds
  5 rats
38 creatures vanquished.

Notes
Turn   | Place    | Note
-------+----------+-------------------------------------------
     0 | D:1      | mhoghedin the Halfling Hunter began the quest for the Orb.
     0 | D:1      | Reached XP level 1. HP: 14/14 MP: 1/1
   133 | D:1      | Reached skill level 6 in Slings
   239 | D:1      | Reached skill level 2 in Fighting
   239 | D:1      | Reached XP level 2. HP: 19/19 MP: 2/2
   875 | D:2      | Reached XP level 3. HP: 24/24 MP: 3/3
  1114 | D:2      | Found a runed door.
  1300 | D:2      | Reached skill level 3 in Dodging
  1312 | D:2      | Found a basalt altar of Yredelemnul.
  1330 | D:2      | Reached XP level 4. HP: 30/30 MP: 4/4
  1500 | D:2      | Noticed Crazy Yiuf
  1509 | D:2      | Slain by Crazy Yiuf

Vault maps used:
D:1:      minmay_arrival_jagged, serial_co_window_serial, co_window_paths_b,
          co_window_of_opportunity_a, co_window_of_opportunity_a,
          co_window_paths_b, co_window_corner_a, co_window_2corner,
          co_window_cross_2, co_window_2corner, glass_columns_c,
          glass_columns_a, glass_columns_c, glass_columns_a, lemuel_flame_loot_1
D:2:      lemuel_zombie_altar_yredelemnul, uniq_crazy_yiuf_cottage

Skill      XL: |  1  2  3 |
---------------+----------+-----
Slings         | 6 |  6.4
Fighting       | 2 |  2.4
Dodging        | 3 |  3.0
Armour         | |  0.9
Stealth        | |  1.1

Action                   |  1- 3 |  4- 6 || total
-------------------------+-------+-------++-------
 Fire: Hunting sling     |    93 |     9 ||   102
  Use: Scroll            |     1 |       ||     1
  Eat: Chunk             |       |     1 ||     1
Armor: Scale mail        |     6 |       ||     6
Dodge: Dodged            |    21 |     1 ||    22
       Deflected         |     3 |       ||     3

Table legend:
 A = Spawn XP
 B = Non-spawn XP
 C = Spawn XP percentage of total XP
 D = Spawn monster count
 E = Non-spawn monster count
 F = Spawn count percentage of total count
 G = Total turns spent on level
                    A         B        C        D         E        F      G
               +---------+---------+-------+---------+---------+-------+---------
         Total |       0 |      69 |   0.0 |       0 |      38 |   0.0 |  1509
               +---------+---------+-------+---------+---------+-------+---------
           D:1 |       0 |      26 |   0.0 |       0 |      18 |   0.0 |   817
           D:2 |       0 |      43 |   0.0 |       0 |      20 |   0.0 |   692
               +---------+---------+-------+---------+---------+-------+---------

Vault maps used:
D:1:      minmay_arrival_jagged, serial_co_window_serial, co_window_paths_b,
          co_window_of_opportunity_a, co_window_of_opportunity_a,
          co_window_paths_b, co_window_corner_a, co_window_2corner,
          co_window_cross_2, co_window_2corner, glass_columns_c,
          glass_columns_a, glass_columns_c, glass_columns_a, lemuel_flame_loot_1
D:2:      lemuel_zombie_altar_yredelemnul, uniq_crazy_yiuf_cottage

Table legend:
 A = Turns spent in this place as a percentage of turns spent in the entire game.
 B = Non-inter-level travel turns spent in this place as a percentage of non-inter-level travel turns spent in the entire game.
 C = Inter-level travel turns spent in this place as a percentage of turns spent in this place.
 D = Turns resting spent in this place as a percentage of non-inter-level travel turns spent in this place.
 E = Turns spent auto-exploring this place as a percentage of non-inter-level travel turns spent in this place.
 F = Non-inter-level travel turns spent in this place divided by the number of levels of this place that you've seen.
                   A       B       C       D       E      F
               +-------+-------+-------+-------+-------+----------------------
         Total | 100.0 | 100.0 |   1.3 |   0.0 |  86.5 | 745.0
       Dungeon | 100.0 | 100.0 |   1.3 |   0.0 |  86.5 | 745.0
               +-------+-------+-------+-------+-------+----------------------

Table legend:
 A = Kills in this place as a percentage of kills in entire the game.
 B = Kills by you in this place as a percentage of kills by you in the entire game.
 C = Kills by friends in this place as a percentage of kills by friends in the entire game.
 D = Other kills in this place as a percentage of other kills in the entire game.
 E = Experience gained in this place as a percentage of experience gained in the entire game.
 F = Experience gained in this place divided by the number of levels of this place that you have seen.
                   A       B       C       D       E      F
               +-------+-------+-------+-------+-------+----------------------
         Total | 100.0 | 100.0 |   N/A |   N/A | 100.0 |  34.5
       Dungeon | 100.0 | 100.0 |   N/A |   N/A | 100.0 |  34.5
               +-------+-------+-------+-------+-------+----------------------
